 Seeded DCSS version 0.31.0-12-g77e489cdc1 (webtiles) character file.

Game seed: 2225198628417963733 (custom seed)

148 valliere the Ruffian (level 5, -1/38 HPs)
             Began as a Demonspawn Shapeshifter on Mar 3, 2024.
             Slain by a ribbon worm (3 damage)
             ... on level 3 of the Dungeon.
             The game lasted 00:03:23 (1828 turns).

valliere the Ruffian (Demonspawn Shapeshifter)      Turns: 1828, Time: 00:03:23

Health: -1/38      AC:  4    Str: 16    XL:     5   Next: 8%
Magic:  5/5        EV: 12    Int: 10    God:
Gold:   12         SH:  0    Dex: 13    Spells: 4/4 levels left

rFire   . .          .
                       - Unarmed
rCold   . . .        (no shield)
rNeg    . . .        a - +0 animal skin
rPois   .            (helmet currently unavailable)
rElec   .            (cloak currently unavailable)
rCorr   .            (gloves currently unavailable)
SInv    .            (boots currently unavailable)
Will    .....        j - amulet of faith
Stlth   +            (no ring)
HPRegen 0.26/turn    (no ring)
MPRegen 0.09/turn

%: faith
@: confused, beast-form
A: beast (slay +2), icy blue scales 1, spiny 1
a: Begin Untransformation


You were on level 3 of the Dungeon.
You were a hulking beast.
You visited 1 branch of the dungeon, and saw 3 of its levels.

You collected 12 gold pieces.

Inventory:

Armour
 a - a +0 animal skin (worn)
 k - the +5 robe of Misfortune {Harm *Corrode *Slow EV+5}
   (You found it on level 2 of the Dungeon)

   EV+5:      It affects your evasion (+5).
   *Corrode:  It may corrode you when you take damage.
   *Slow:     It may slow you when you take damage.
   Harm:      It increases damage dealt and taken.
Jewellery
 j - an amulet of faith (around neck)
Talismans
 c - a beast talisman
 d - a flux talisman
Scrolls
 e - 3 scrolls of identify {unknown}
 f - a scroll of noise {unknown}
 h - a scroll of revelation {unknown}
Potions
 b - a potion of lignification
 g - a potion of heal wounds {unknown}
 i - a potion of curing {unknown}


   Skills:
 + Level 2.0 Fighting
 + Level 2.4 Dodging
 * Level 3.7 Unarmed Combat
 * Level 3.6 Shapeshifting


You had 4 spell levels left.
You didn't know any spells.
Your spell library contained the following spells:

 Spells                   Type           Power      Damage    Failure   Level
 Gell's Gravitas          Tloc           0%         N/A       75%         3
 Teleport Other           Tloc           0%         N/A       75%         3
 Dispersal                Tloc           0%         N/A       100%        6


Dungeon Overview and Level Annotations

Branches:
Dungeon (3/15)

Altars:


Innate Abilities, Weirdness & Mutations

You are a hulking beast.
Your limbs bulge with bestial killing power. (Slay +2)
You are partially covered in icy blue scales. (AC +2)
You are partially covered in sharp spines.


Message History

Something hits you.
* * * LOW HITPOINT WARNING * * *
The orc priest hits you with a +0 club.
* * * LOW HITPOINT WARNING * * *
The kobold shouts!
You hit the orc priest.
The orc priest is almost dead.
Something hits you but does no damage. The orc priest closely misses you.
You hit the orc priest but do no damage.
The orc priest is almost dead.
The orc priest hits you with a +0 club.
* * * LOW HITPOINT WARNING * * *
Something hits you.
* * * LOW HITPOINT WARNING * * *
Unknown command.
You hit the orc priest.
You kill the orc priest!
Something hits you.
* * * LOW HITPOINT WARNING * * *
Your Fighting skill increases to level 2!
You have reached level 5!
The ribbon worm expels a string of sticky webbing.
The stream of webbing hits you but does no damage.
You are caught in a web!
There is a broken door here.
Things that are here:
a +0 short sword; an orc corpse; a ball python corpse The ribbon worm closely misses you.
Something hits you but does no damage.
The ribbon worm expels a string of sticky webbing.
The stream of webbing hits you but does no damage.
You are caught in a web!
There is a web here.
You struggle to detach yourself from the web.
Something hits you.
* * * LOW HITPOINT WARNING * * *
You struggle to detach yourself from the web.
You hear some strange, mumbled words.
You are confused.
The web tears apart.
The ribbon worm bites you.
You die...

. ###### .# #...(#
.# #....# #.#
#....+ ..#####
###....# ###.......
#......# #.'.......
#....<.###{#)......
#........hw)......[
#.........K........
#..................
#######.....#####'#
#.....# # ........
#####.##.. #.# ..


You could see a ribbon worm (catching breath) and a kobold.

Vanquished Creatures
  2 orc priests (D:3)
  2 adders (D:2)
  A dart slug (D:1)
  6 ribbon worms (D:2)
  2 orcs (D:3)
  5 ball pythons
  7 endoplasms
  7 goblins
  4 hobgoblins
  3 quokkas
  7 bats
  3 frilled lizards (D:1)
  3 kobolds
  6 rats
58 creatures vanquished.

Notes
Turn   | Place    | Note
-------+----------+-------------------------------------------
     0 | D:1      | valliere the Demonspawn Shapeshifter began the quest for
                  | the Orb.
     0 | D:1      | Reached XP level 1. HP: 15/15 MP: 1/1
   254 | D:1      | Gained mutation: You are partially covered in sharp spines.
                  | [demonic ancestry]
   254 | D:1      | Reached XP level 2. HP: 21/21 MP: 2/2
   610 | D:1      | Gained mutation: You are partially covered in icy blue
                  | scales. (AC +2) [demonic ancestry]
   610 | D:1      | Reached XP level 3. HP: 26/26 MP: 3/3
  1124 | D:2      | Reached XP level 4. HP: 15/33 MP: 4/4
  1651 | D:2      | Found the +5 robe of Misfortune {Harm *Corrode *Slow EV+5}
  1823 | D:3      | Reached XP level 5. HP: 4/38 MP: 5/5
  1826 | D:3      | HP: 1/38 [something (4)]
  1828 | D:3      | Slain by a ribbon worm

Illustrated notes

Levels and vault maps discovered:
D:1:      lemuel_arrival_room, layout_basic, corexii_corridor_pit, st_stairs_1,
          nicolae_concentric_dashed_squares_mild, minmay_distorted
D:2:      layout_loops_ring, nicolae_wormholes
D:3:      layout_basic, chequers_ecumenical_altar_lobes, dk_vineyard_3,
          st_stairs_5

Skill      XL: |  1  2  3  4 |
---------------+-------------+-----
Dodging        | 2 |  2.4
Unarmed Combat | 3 |  3.7
Shapeshifting  | 3 |  3.6
Fighting       | 2 |  2.0

Action                     |  1- 3 |  4- 6 || total
---------------------------+-------+-------++-------
  Melee: Unarmed           |    82 |    45 ||   127
         Punch             |     2 |       ||     2
   Stab: Sleeping          |     2 |       ||     2
 Armour: Animal skin       |    34 |    33 ||    67
  Dodge: Dodged            |    42 |    27 ||    69
